 Dungeon Crawl Stone Soup version 0.30-a0-883-g5ad918d77d (webtiles) character file.

Game seed: 8572655780756730081

911 Lobster4 the Charlatan (level 8, -1/58 HPs)
             Began as a Human Artificer on Mar 16, 2023.
             Was an Initiate of Makhleb.
             Slain by a water moccasin (8 damage)
             ... on level 6 of the Dungeon.
             The game lasted 00:21:15 (6588 turns).

Lobster4 the Charlatan (Human Artificer)            Turns: 6588, Time: 00:21:16

Health: -1/58      AC:  8    Str: 15    XL:     8   Next: 30%
Magic:  20/20      EV: 11    Int: 18    God:    Makhleb [......]
Gold:   368        SH:  0    Dex: 14    Spells: 8/11 levels left

rFire   . . .      SeeInvis .    B - staff of poison
rCold   . . .      Faith    .    (no shield)
rNeg    . . .      Spirit   .    g - +0 ring mail
rPois   +          Reflect  .    v - +1 helmet
rElec   .          Rampage  +    A - scarf of Indecent Exposure {Rampage Int+4}
rCorr   .                        (no gloves)
Will    .....                    (no boots)
Stlth   +                        (no amulet)
HPRegen 0.29/turn                C - ring "Foaz" {MP+9 Int+3}
MPRegen 0.17/turn                (no ring)

@: studying Armour
A: no striking features
a: Renounce Religion


You were on level 6 of the Dungeon.
You worshipped Makhleb.
Makhleb was noncommittal.
You visited 2 branches of the dungeon, and saw 7 of its levels.

You collected 368 gold pieces.

Inventory:

Hand Weapons
 o - a +0 short sword
Missiles
 c - 8 poisoned darts
 j - 29 stones (quivered)
 q - a boomerang
 I - 3 boomerangs of dispersal
Armour
 b - a +0 leather armour
 g - a +0 ring mail (worn)
 v - a +1 helmet (worn)
 A - the scarf of Indecent Exposure (worn) {Rampage Int+4}
   (You acquired it on level 3 of the Dungeon)

   Int:       It affects your intelligence (+4).
   Rampage:   It bestows one free step when moving towards enemies.
 H - a +0 kite shield
Magical Staves
 a - a staff of conjuration
 B - a staff of poison (weapon)
Jewellery
 C - the ring "Foaz" (left hand) {MP+9 Int+3}
   (You found it on level 3 of the Dungeon)

   [ring of magical power]

   Int:       It affects your intelligence (+3).
   MP:        It affects your magic capacity (+9).
Wands
 d - a wand of charming (15)
 e - a wand of iceblast (2)
Scrolls
 f - 2 scrolls of fog
 i - a scroll of teleportation
 m - a scroll of fear
 n - a scroll of immolation
 p - a scroll of enchant armour
 r - a scroll of vulnerability {unknown}
 t - a scroll of silence {unknown}
 u - a scroll of brand weapon {unknown}
 x - a scroll of butterflies {unknown}
 y - a scroll of enchant weapon {unknown}
 J - 4 scrolls of poison {unknown}
 L - a scroll of identify
Potions
 h - 3 potions of attraction {unknown}
 k - 3 potions of brilliance {unknown}
 l - a potion of flight {unknown}
 s - 2 potions of lignification {unknown}
 w - a potion of mutation
 z - a potion of heal wounds
 D - 2 potions of might
 E - 2 potions of berserk rage {unknown}
 F - a potion of haste {unknown}
 G - 2 potions of curing {unknown}
 K - a potion of ambrosia {unknown}


   Skills:
 + Level 3.3 Fighting
 + Level 2.1 Staves
 - Level 2.0 Throwing
 + Level 4.3 Armour
 + Level 3.3 Dodging
 - Level 1.0 Stealth
 + Level 0.3 Shields
 + Level 2.4 Spellcasting
 + Level 2.7 Conjurations
 + Level 1.7 Fire Magic
 + Level 4.3 Evocations


You had 8 spell levels left.
You knew the following spells:

 Your Spells              Type           Power      Damage    Failure   Level
a - Magic Dart            Conj           48%        1d5       11%         1
b - Scorch                Fire           16%        2d6       24%         2

Your spell library contained the following spells:

 Spells                   Type           Power      Damage    Failure   Level
 Kiss of Death            Conj/Necr      28%        2d7       19%         1
 Freeze                   Ice            8%         1d3       32%         1
 Call Imp                 Summ           2%         N/A       43%         2
 Ensorcelled Hibernation  Hex/Ice        4%         N/A       43%         2
 Hailstorm                Conj/Ice       7%         3d4       47%         3
 Mephitic Cloud           Conj/Pois/Air  8%         N/A       54%         3
 Confusing Touch          Hex            2%         N/A       67%         3
 Frozen Ramparts          Ice            4%         1d1       67%         3
 Spider Form              Tmut/Pois      3%         N/A       67%         3
 Flame Wave               Conj/Fire      10%        2d6       77%         4
 Anguish                  Hex/Necr       1%         N/A       97%         4
 Dispel Undead            Necr           2%         3d7       97%         4
 Summon Cactus Giant      Summ           1%         N/A       100%        6


Dungeon Overview and Level Annotations

Branches:
Dungeon (6/15)             Temple (1/1) D:5

Altars:
Ashenzari
Cheibriados
Dithmenos
Elyvilon
Fedhas
Gozag
Kikubaaqudgha
Makhleb
Nemelex Xobeh
Okawaru
Qazlal
Ru
Sif Muna
Trog
Uskayaw
Vehumet
Wu Jian
Xom
Yredelemnul
Zin

Annotations:
D:3 1 runed translucent door, AverageBear's ghost, amateur OpFi
D:4 2 runed translucent doors, Parcival's ghost, amateur HuCj
D:5 exclusion: ogre


Message History

The water moccasin is severely wounded.
You feel very sick. The water moccasin misses you.
The water moccasin bites you but does no damage.
You barely miss the water moccasin.
The water moccasin is severely wounded.
You feel very sick.
The water moccasin bites you but does no damage.
You hit the water moccasin.
You punch the water moccasin, but do no damage.
The water moccasin is severely wounded.
You feel sick.
The water moccasin bites you but does no damage.
The water moccasin closely misses you.
You hit the water moccasin.
The water moccasin is severely wounded.
You feel sick. The water moccasin barely misses you.
You hit the water moccasin.
The water moccasin is almost dead.
You feel sick. The water moccasin closely misses you.
The water moccasin misses you.
You hit the water moccasin but do no damage.
The water moccasin is almost dead.
You feel sick. The water moccasin bites you.
* * * LOW HITPOINT WARNING * * *
You hit the water moccasin but do no damage.
The water moccasin is almost dead.
You feel sick.
The water moccasin bites you but does no damage.
The water moccasin barely misses you.
You hit the water moccasin.
The water moccasin is almost dead.
You feel sick. The water moccasin barely misses you.
You hit the water moccasin but do no damage.
Your punch misses the water moccasin.
The water moccasin is almost dead.
You feel sick.
You are no longer poisoned.
The water moccasin bites you!
You die...

##########
........#
..../..#
......# .....
... #/# ##S#
#.@#
#######.#######
...............
#######.#######
#........#
#.####.#.# #.#
...#.#
#.##.###.# #.#
######....###.#
#.#


You could see a water moccasin.

Vanquished Creatures
  An orc warrior (D:4)
  An ogre (D:5)
  A phantom (D:4)
  2 scorpions (D:4)
  A howler monkey (D:4)
  2 hounds
  A sleepcap (D:5)
  2 iguanas (D:4)
  16 gnolls
  8 adders
  A shadow imp (D:4)
  A white imp (D:5)
  A worm (D:4)
  12 orcs
  12 endoplasms
  13 giant cockroaches
  2 goblins
  7 hobgoblins
  3 jackals (D:2)
  A quokka (D:1)
  3 ball pythons (D:2)
  8 bats
  3 frilled lizards (D:1)
  9 kobolds
  3 rats
114 creatures vanquished.

Notes
Turn   | Place    | Note
-------+----------+-------------------------------------------
     0 | D:1      | Lobster4 the Human Artificer began the quest for the Orb.
     0 | D:1      | Reached XP level 1. HP: 15/15 MP: 1/1
   369 | D:1      | Reached XP level 2. HP: 19/21 MP: 2/2
   809 | D:1      | Reached XP level 3. HP: 25/26 MP: 3/3
   920 | D:1      | Learned a level 1 spell: Magic Dart
   925 | D:2      | Found a faded altar of an unknown god.
  1684 | D:2      | Reached XP level 4. HP: 33/33 MP: 4/4
  2218 | D:3      | Identified 2 scrolls of acquirement
  2218 | D:3      | Acquired a staff of poison
  2220 | D:3      | Acquired the scarf of Indecent Exposure {Rampage Int+4}
  2356 | D:3      | Identified the ring "Foaz" {MP+9 Int+3}
  2450 | D:3      | Found a runed translucent door.
  2450 | D:3      | Noticed AverageBear's ghost (amateur OpFi)
  2756 | D:4      | Reached XP level 5. HP: 37/38 MP: 6/6
  2791 | D:4      | Reached skill level 1 in Staves
  2791 | D:4      | Reached skill level 1 in Spellcasting
  2791 | D:4      | Reached skill level 1 in Conjurations
  2994 | D:4      | Noticed a phantom
  2999 | D:4      | Killed a phantom
  3000 | D:4      | Reached skill level 1 in Throwing
  3000 | D:4      | Reached XP level 6. HP: 46/46 MP: 6/8
  3198 | D:3      | Learned a level 2 spell: Scorch
  3723 | D:4      | Found a large runed translucent door.
  3723 | D:4      | Found a large runed translucent door.
  3727 | D:4      | Noticed Parcival's ghost (amateur HuCj)
  3743 | D:4      | Acquired a manual of Armour
  3794 | D:4      | Reached XP level 7. HP: 41/51 MP: 9/9
  3963 | D:4      | Found a bloodstained altar of Trog.
  4624 | D:5      | Entered Level 5 of the Dungeon
  4902 | D:4      | Reached skill level 1 in Fire Magic
  5125 | D:4      | Reached XP level 8. HP: 23/58 MP: 11/11
  5546 | D:5      | Found a staircase to the Ecumenical Temple.
  5565 | Temple   | Entered the Ecumenical Temple
  5565 | Temple   | Found a transporter.
  5565 | Temple   | Found a transporter.
  5567 | Temple   | Found a transporter.
  5567 | Temple   | Found a transporter.
  5596 | Temple   | Became a worshipper of Makhleb the Destroyer
  6588 | D:6      | Slain by a water moccasin

Illustrated notes

Levels and vault maps discovered:
D:1:      psy_arrival_radial02, layout_basic
D:2:      layout_loops_corners, ebering_ecumenical_altar_sacrificial,
          kennysheep_big_empty_room
D:3:      minmay_roachtagon, layout_basic, ebering_ghost_inner_flame,
          minivault_19, uniq_crazy_yiuf_cottage
D:4:      layout_cave_pools, mainiacjoe_overflow_tiny_flanked,
          ebering_ghost_disaster_area
D:5:      layout_basic, minmay_temple_entry_large_hall
D:6:      layout_basic, tso_oasis_becter
Temple:   hellmonk_temple_divided_pantheon

Skill      XL: |  1  2  3  4  5  6  7  8 |
---------------+-------------------------+-----
Fighting       | 2 3 |  3.3
Staves         | 1 2 |  2.1
Dodging        | 2 3 |  3.3
Spellcasting   | 1 2 |  2.4
Conjurations   | 1 2 |  2.7
Throwing       | 1 2 |  2.0
Armour         | 3 4 |  4.3
Evocations     | 4 |  4.3
Fire Magic     | 1 |  1.7
Stealth        | |  1.0
Shields        | |  0.3

Action                     |  1- 3 |  4- 6 |  7- 9 || total
---------------------------+-------+-------+-------++-------
  Melee: Club              |    94 |       |       ||    94
         Staff             |    77 |   207 |   165 ||   449
         Punch             |     1 |     3 |     3 ||     7
  Throw: Stone             |     8 |    40 |       ||    48
         Boomerang         |       |    48 |    13 ||    61
         Dart              |       |       |     7 ||     7
   Cast: Magic Dart        |       |     9 |   113 ||   122
         Scorch            |       |       |     3 ||     3
  Evoke: Wand              |     4 |    11 |     3 ||    18
    Use: Scroll            |       |     8 |     3 ||    11
         Potion            |       |       |     2 ||     2
 Armour: Ring mail         |    87 |    94 |    79 ||   260
  Dodge: Dodged            |   102 |   143 |   138 ||   383

Table legend: (Time is in decaauts)
 A = Elapsed time spent in this place.
 B = Non-inter-level travel time spent in this place.
 C = Inter-level travel time spent in this place.
 D = Time resting spent in this place.
 E = Time spent auto-exploring this place.
 F = Levels seen in this place.
 G = Mean time per level.
                   A        B        C        D        E       F      G
               +--------+--------+--------+--------+--------+-----+--------+
         Total |   6712 |   6350 |    362 |   1034 |   3583 |   7 |  958.9 |
       Dungeon |   6661 |   6310 |    351 |   1034 |   3577 |   6 | 1110.2 |
        Temple |     50 |     39 |     11 |      0 |      6 |   1 |   50.0 |
               +--------+--------+--------+--------+--------+-----+--------+

Top non-repeatable levels by time:
     D:4: 2083 daAuts
     D:3: 1471 daAuts
     D:5: 984 daAuts
     D:1: 948 daAuts
     D:2: 932 daAuts
     D:6: 241 daAuts
  Temple: 50 daAuts
